cohdb
Replays
Latest Replays
All Replays
Popular Replays
Top Player Replays
Match Explorer
How It Works
Community
CoH3 Stats
Reddit
Sign in to upload your games and track your stats! →
Sign in with Steam
Match 44900217
Unlisted
Match 44900217
Overview
Messages
Build Orders
End
Royal Engineer Section
Construct Section Command Post
Selects Air and Sea Battlegroup
Infantry Section
Infantry Section
Infantry Section
Construct Platoon Command Post
Selects Commando Section Paradrop
Selects Commando Support Section Paradrop
Humber Armored Car
Commando Support Section Paradrop
Construct Field Infirmary
Commando Section Paradrop
Selects Naval Blockade
Selects UNKNOWN (223837)
6-pounder Anti-tank Gun Team
Construct Company Command Post
6-pounder Anti-tank Gun Team
Centaur IV Medium Tank
Selects Assault Flares
Royal Engineer Section
Antemurale
咚咚锵个腿
0
0
Comments
sign in to comment!
No comments posted yet!